 Dungeon Crawl Stone Soup version 0.22.0-49-gab54619 (webtiles) character file.

1603 yevrey the Destroyer (level 8, -9/44 (46) HPs)
             Began as a Tengu Conjurer on Sept 3, 2018.
             Was a Follower of Vehumet.
             Killed by divine providence
             ... invoked by an orc priest
              (12 damage)
             ... on level 6 of the Dungeon.
             The game lasted 00:25:51 (7864 turns).

yevrey the Destroyer (Tengu Conjurer)               Turns: 7864, Time: 00:25:52

HP:   -9/44 (46)    AC:  6    Str: 10    XL:     8   Next: 94%
MP:   9/15          EV: 12    Int: 16    God:    Vehumet [*.....]
Gold: 194           SH:  0    Dex: 15    Spells: 7/15 levels left

rFire    . . .     SeeInvis +   p - +2 scythe (venom)
rCold    . . .     Gourm    .   (shield currently unavailable)
rNeg     . . .     Faith    .   u - +0 ring mail
rPois    .         Spirit   .   n - +0 hat
rElec    .         Reflect  .   (no cloak)
rCorr    .         Harm     .   z - +0 pair of gloves
MR       +....                  (boots unavailable)
Stlth    ++........             (no amulet)
HPRegen  0.14/turn              o - ring of protection from magic
MPRegen  0.14/turn              a - ring of see invisible

@: no status effects
A: beak, talons 3, able to fly 1
a: Fly, Renounce Religion


You were on level 6 of the Dungeon.
You worshipped Vehumet.
Vehumet was aware of your devotion.
You were not hungry.

You visited 1 branch of the dungeon, and saw 7 of its levels.

You collected 194 gold pieces.

Inventory:

Hand Weapons
 p - a +2 scythe of venom (weapon)
 r - a +2 dagger of speed
 s - a +0 shortbow
 w - a +1 flail of protection
 E - a +1 vampiric dagger
 J - a +2 vampiric dagger
Missiles
 e - 134 arrows
Armour
 n - a +0 hat (worn)
 u - a +0 ring mail (worn)
 z - a +0 pair of gloves (worn)
 B - a +1 pair of gloves of strength
Jewellery
 a - a ring of see invisible (right hand)
 o - a ring of protection from magic (left hand)
 H - an uncursed amulet of rage {unknown}
Wands
 x - a wand of disintegration (9)
Scrolls
 d - a scroll of amnesia {unknown}
 f - 2 scrolls of teleportation {unknown}
 g - 4 scrolls of magic mapping {unknown}
 i - 3 scrolls of blinking {unknown}
 j - a scroll of immolation {unknown}
 l - a scroll of fog {unknown}
 t - 2 scrolls of fear {unknown}
 y - a scroll of noise {unknown}
 C - a scroll of remove curse {unknown}
 D - a scroll of random uselessness {unknown}
 I - a scroll of enchant armour {unknown}
Potions
 b - a potion of degeneration {unknown}
 k - a potion of haste
 m - 2 potions of curing {unknown}
 q - a potion of heal wounds {unknown}
 v - 3 potions of flight
 A - a potion of brilliance {unknown}
 F - a potion of ambrosia {unknown}
 G - a potion of resistance {unknown}
Comestibles
 c - 6 rations


   Skills:
 * Level 3.0 Fighting
 + Level 2.3 Short Blades
 + Level 5.1 Polearms
 + Level 2.1 Bows
 - Level 3.0 Armour
 + Level 4.0 Dodging
 + Level 4.1 Stealth
 * Level 4.3 Spellcasting
 + Level 8.0 Conjurations
 + Level 1.3 Evocations


You had 7 spell levels left.
You knew the following spells:

 Your Spells              Type           Power        Failure   Level  Hunger
a - Magic Dart            Conj           ####         1%          1    None
b - Searing Ray           Conj           ####..       2%          2    ##.....
c - Iskenderun's Mystic   Conj           ####....     14%         4    ####...
d - Sting                 Conj/Pois      ###.         8%          1    None

Your spell library contained the following spells:

 Spells                   Type           Power        Failure   Level  Hunger
 Dazzling Spray           Conj/Hex       ###...       22%         3    ###....
 Force Lance              Conj/Tloc      ###.....     58%         4    ####...
 Fulminant Prism          Conj/Hex       ###.......   58%         4    ####...


Dungeon Overview and Level Annotations

Branches:
Dungeon (7/15)
 Temple: D:4-7

Altars:
Cheibriados
Dithmenos
Fedhas
Nemelex Xobeh
Qazlal
Trog
Vehumet

Annotations:
D:7 Joseph


Innate Abilities, Weirdness & Mutations

You have a beak for a mouth.
You have claws for feet.
You can fly.


Message History

The orc priest is almost dead.
You finish channeling your searing ray.
The orc warrior hits you with a short sword!
Unknown command.
Casting: Searing Ray (safe; 2% risk of failure)
Confirm with . or Enter, or press ? or * to list all spells.
Aiming: Searing Ray (safe; 2% risk of failure)
Press: ? - help, Shift-Dir - straight line, f/p - orc priest
Aim: an orc priest, wielding a hand axe of flaming (almost dead)
The searing ray hits the orc warrior.
The orc warrior is heavily wounded. (Press . to maintain the ray.)
The orc warrior hits you with a short sword!
* * * LOW HITPOINT WARNING * * *
You see here an arrow.
The orc priest looks braver for a moment.
You see here an arrow.
The orc priest calls down the wrath of Beogh upon you.
Beogh smites you!
You die...

...#.....###...###...##..#
##.#.#........(...##.##..##
##............_....##...o...
.........#...((((oo####†.###
.#..#.#.#####...###)(oo..#
..........#E#.o.#E#####.....
.#.<#.#.#####...### ######
.........###o#.##..
.#.........@.......#
##.####.#########.#
#.####.#### . #..<....#
#.......# #.......#
#.......# ####.....#
#....#.#


You could see an orc warrior, an orc priest, an orc wizard and an orc.

Vanquished Creatures
  Grinder (D:4)
  Sigmund (D:3)
  Eustachio (D:4)
  A necrophage (D:6)
  An ogre (D:5)
  2 centaurs (D:5)
  A water moccasin zombie (D:5)
  A scorpion (D:4)
  2 howler monkeys
  A crimson imp (D:4)
  An orc priest (D:3)
  A centaur skeleton (D:5)
  2 hounds
  4 orc wizards
  A bullfrog skeleton (D:5)
  An iguana (D:6)
  4 worker ants
  A hound zombie (D:5)
  3 adders
  A shadow imp (D:6)
  5 oozes
  2 adder skeletons
  An adder zombie (D:6)
  A worm (D:3)
  3 dart slugs
  3 leopard geckos
  19 orcs
  2 ball pythons
  6 bats
  4 giant cockroaches
  6 hobgoblins
  8 kobolds
  2 quokkas
  4 frilled lizards
  4 goblins (D:1)
  2 leopard gecko skeletons
  A leopard gecko zombie (D:5)
  9 rats
113 creatures vanquished.

Notes
Turn   | Place    | Note
-------+----------+-------------------------------------------
     0 | D:1      | yevrey the Tengu Conjurer began the quest for the Orb.
     0 | D:1      | Reached XP level 1. HP: 10/10 MP: 4/4
    14 | D:2      | Found a radiant altar of Vehumet.
   331 | D:1      | Reached XP level 2. HP: 15/15 MP: 0/6
   335 | D:1      | Learned a level 2 spell: Searing Ray
   563 | D:1      | Reached skill level 6 in Conjurations
   978 | D:1      | Reached XP level 3. HP: 19/19 MP: 5/7
  1373 | D:2      | Reached XP level 4. HP: 17/24 MP: 3/8
  1443 | D:2      | Learned a level 4 spell: Iskenderun's Mystic Blast
  1498 | D:2      | Reached skill level 7 in Conjurations
  1779 | D:2      | Became a worshipper of Vehumet
  1810 | D:3      | Found a faded altar of an unknown god.
  2094 | D:3      | Reached skill level 1 in Short Blades
  2179 | D:3      | Found a shadowy altar of Dithmenos.
  2179 | D:3      | Found a bloodstained altar of Trog.
  2228 | D:3      | Gained mutation: You can fly. [Tengu growth]
  2228 | D:3      | Reached XP level 5. HP: 27/28 MP: 4/10
  2482 | D:3      | Found a snail-covered altar of Cheibriados.
  2575 | D:3      | Noticed Sigmund
  2607 | D:3      | Killed Sigmund
  2607 | D:3      | Reached skill level 1 in Fighting
  2607 | D:3      | Reached XP level 6. HP: 27/34 MP: 4/12
  2969 | D:5      | Entered Level 5 of the Dungeon
  3146 | D:4      | Noticed Grinder
  3155 | D:4      | Killed Grinder
  3155 | D:4      | Reached XP level 7. HP: 3/38 MP: 13/13
  4042 | D:4      | Noticed Eustachio
  4105 | D:4      | Killed Eustachio
  4105 | D:4      | Reached skill level 1 in Armour
  4105 | D:4      | Reached skill level 1 in Evocations
  4205 | D:4      | Reached XP level 8. HP: 37/44 MP: 10/14
  5055 | D:5      | Found a sparkling altar of Nemelex Xobeh.
  5137 | D:5      | HP: 2/44 [centaur skeleton (7)]
  5514 | D:5      | Found a blossoming altar of Fedhas.
  5983 | D:5      | Reached * piety under Vehumet
  5983 | D:5      | Offered knowledge of Sting by Vehumet.
  5988 | D:5      | Learned a level 1 spell: Sting
  7043 | D:6      | Noticed a troll
  7321 | D:6      | Reached skill level 1 in Bows
  7323 | D:6      | Noticed a water elemental
  7324 | D:6      | Found a stormy altar of Qazlal.
  7325 | D:6      | Noticed an air elemental
  7343 | D:7      | Noticed Joseph
  7483 | D:6      | Reached skill level 5 in Polearms
  7578 | D:6      | Reached skill level 8 in Conjurations
  7857 | D:6      | HP: 2/44 [orc warrior/short sword (16)]
  7864 | D:6      | Killed from afar by an orc priest

Skill      XL: |  1  2  3  4  5  6  7  8 |
---------------+-------------------------+-----
Conjurations   | 6 7 8 |  8.0
Short Blades   | 1 2 |  2.3
Spellcasting   | 3 4 |  4.3
Fighting       | 1 3 |  3.0
Polearms       | 2 3 5 |  5.1
Dodging        | 3 4 |  4.0
Stealth        | 3 4 |  4.1
Armour         | 1 3 |  3.0
Evocations     | 1 |  1.3
Bows           | 2 |  2.1

Action                   |  1- 3 |  4- 6 |  7- 9 || total
-------------------------+-------+-------+-------++-------
Melee: Short sword       |    18 |    24 |       ||    42
       Peck              |     3 |     3 |    14 ||    20
       Kick              |     2 |    10 |    19 ||    31
       Scythe            |       |    23 |   100 ||   123
 Fire: Shortbow          |       |       |    23 ||    23
 Cast: Magic Dart        |    56 |    18 |     4 ||    78
       Searing Ray       |       |     5 |     7 ||    12
       Sting             |       |       |     3 ||     3
Evoke: Wand              |       |     2 |     5 ||     7
  Use: Scroll            |       |       |     5 ||     5
       Potion            |       |       |     1 ||     1
 Stab: Sleeping          |       |     7 |     1 ||     8
       Distracted        |       |       |     1 ||     1
  Eat: Chunk             |     2 |     6 |     5 ||    13
       Ration            |       |       |     3 ||     3
Armor: Robe              |     5 |    10 |     8 ||    23
       Ring mail         |       |       |    31 ||    31
Dodge: Dodged            |    23 |    33 |   105 ||   161
